AoeStats
← EY

African Clearing

504994090Analyzed
3v3 RM · 23d ago on Sep 7, 2026· 30m 35s· 6 players
Game mode
Random Map
Map size
Normal (6 player)
Population
200
Speed
Normal
Resources
Standard
Victory
Conquest
Starting age
Dark Age
Ending age
Imperial Age
RankedLock teamsTeams togetherTeam positionsShared explorationLock speedFull tech treeHidden civsTurbo modeCheats
Victory
Defeat
🇹🇼 Wei · Taiwan
1338
+10
🇭🇰 Vietnamese · Hong Kong SAR China
1317
+11
🇭🇰 Teutons · Hong Kong SAR China
1243
+13
🇦🇺 Mongols · Australia
1214
-12
🇬🇧 Mapuche · United Kingdom
1195
-11
🇧🇪 Italians · Belgium
1195
-11
lethe711
3:14 Loom
12:37 Feudal Age
13:28 Double-Bit Axe
19:47 Castle Age
19:03 Stone Mining
21:00 Light Cavalry
21:37 Horse Collar
25:38 Fletching
25:49 Padded Archer Armor
26:08 Bloodlines
27:34 Ballistics
27:52 Bow Saw
28:44 Bodkin Arrow
vandut92
3:30 Loom
4:05 Loom
5:37 Loom
5:49 Loom
6:25 Loom
14:29 Feudal Age
16:30 Wheelbarrow
15:26 Man-at-Arms
17:47 Forging
20:09 Horse Collar
22:22 Fletching
26:51 Castle Age
KingUrs4721
3:37 Loom
15:43 Feudal Age
16:44 Double-Bit Axe
16:45 Horse Collar
16:51 Champi Runner
17:46 Town Watch
21:05 Forging
20:55 Scale Mail Armor
21:07 Scale Mail Armor
22:34 Fletching
22:44 Padded Archer Armor
24:29 Wheelbarrow
EY
13:33 Feudal Age
17:29 Castle Age
15:58 Double-Bit Axe
16:05 Fletching
20:26 Loom
23:03 Padded Archer Armor
23:33 Bodkin Arrow
23:56 Gold Mining
26:08 Bow Saw
28:47 Leather Archer Armor
runranrunrunning
4:47 Loom
13:52 Feudal Age
17:54 Castle Age
16:07 Double-Bit Axe
17:08 Gold Mining
17:09 Horse Collar
24:41 Bloodlines
25:20 Scale Barding Armor
25:29 Forging
Sugar Honey Ice Tea
3:19 Loom
15:52 Feudal Age
21:43 Castle Age
19:35 Double-Bit Axe
20:04 Gold Mining
21:12 Scale Barding Armor
24:57 Forging
25:36 Bloodlines
26:47 Town Watch
27:17 Horse Collar
29:04 Chain Barding Armor
Connection lost

Rejoining the realm…

Still unreachable

The connection could not be restored.

Session expired

The server has moved on; the page needs a fresh start.